 Dungeon Sprint DCSS version 0.21-a0-286-g6fcecc0 (webtiles) character file.

135 potatolord6000 the Shield-Bearer (level 5, -6/41 HPs)
             Began as a Formicid Fighter on Sept 27, 2017.
             Was a Follower of Hepliaklqana.
             Mangled by an ogre
             ... wielding a +0 giant club
              (24 damage)
             ... in the Dungeon (Sprint VII: "The Pits").
             The game lasted 00:02:22 (437 turns).

potatolord6000 the Shield-Bearer (Formicid Fighter)  Turns: 437, Time: 00:02:23

Health: -6/41      AC: 14    Str: 26    XL:     5   Next: 42%
Magic:  7/8        EV:  6    Int:  8    God:    Hepliaklqana [*.....]
Gold:   0          SH: 11    Dex: 10    Spells: 4/4 levels left

rFire    . . .     SeeInvis +   a - +0 war axe
rCold    . . .     Gourm    .   c - +0 shield
rNeg     . . .     Faith    .   r - +2 plate armour
rPois    .         Spirit   .   (helmet unavailable)
rElec    .         Reflect  .   (no cloak)
rCorr    .         Harm     .   (no gloves)
MR       .....                  (no boots)
Stlth    ..........             (no amulet)
HPRegen  0.13/turn              (no ring)
MPRegen  0.11/turn              (no ring)

@: mighty
A: permanent stasis, dig shafts and tunnels, four strong arms, reduced essence,
antennae 3
a: Dig, Recall Ancestor, Ancestor Identity, Renounce Religion


You were in the Dungeon.
You worshipped Hepliaklqana.
Hepliaklqana was aware of your devotion.
You were not hungry.

You visited 1 branch

Inventory:

Hand Weapons
 a - a +0 war axe (weapon)
Armour
 c - a +0 shield (worn)
 r - a +2 plate armour (worn)
Scrolls
 m - 3 scrolls of remove curse
 n - 5 scrolls of amnesia
 o - a scroll of summoning
Potions
 e - 6 potions of curing
 g - 6 potions of heal wounds
 i - 4 potions of magic
 l - 2 potions of invisibility
Comestibles
 f - 8 bread rations
 p - 40 fruits
 q - 7 meat rations


   Skills:
 + Level 5.8 Fighting
 + Level 4.8 Axes
 + Level 5.8 Armour
 + Level 6.5 Shields
 + Level 4.8 Invocations


You had 4 spell levels left.
You didn't know any spells.

Dungeon Overview and Level Annotations

Branches:
Dungeon (1/1)

Altars:
Ashenzari
Cheibriados
Dithmenos
Elyvilon
Fedhas
Gozag
Hepliaklqana
Kikubaaqudgha
Makhleb
Nemelex Xobeh
Okawaru
Qazlal
Ru
Sif Muna
Trog
Uskayaw
Vehumet
Wu Jian
Xom
Yredelemnul
Zin
The Shining One
Beogh
Jiyva
Lugonu

Annotations:
D Jessica


Innate Abilities, Weirdness & Mutations

You cannot be hasted, slowed, berserked, paralysed or teleported.
You can dig through walls and to a lower floor.
Your four strong arms can wield two-handed weapons with a shield.
You have a pair of large antennae on your head. (SInv)
Your life essence is reduced to manifest your ancestor. (-10% HP)


Message History

Jessica points at you and mumbles some strange words.
Pain shoots through your body!
Jessica says, "I'm really upset."
Jessica mumbles some strange words.
Jessica blinks!
You hit the ogre.
The ogre is moderately wounded.
Jessica gestures wildly while chanting.
Jessica blinks!
The ogre barely misses you.
Unknown command.
You slash the ogre!
The ogre is severely wounded.
The ogre hits you with a giant club!
Jessica closely misses Tiberius.
Tiberius hits Jessica but does no damage.
Unknown command.
You barely miss the ogre.
The ogre is severely wounded.
Jessica barely misses Tiberius.
The ogre hits you with a giant club!!
Ouch! That really hurt!
You die...

#'#####'#####.....
#.#..#÷)#..##.....
#.#..÷..#))#####'#
#@#..####))##.....
#R#..#..#))##.....
#.#..#..#[?##.....
#.##'#..#'###...<.
#.#..††....##.....
#@#........##.....
#O###########.....
#.....O.#{{ ######
#...#h..#{ #...#
.#{ { #.##. #.. #.
{ #.. .. #.. ..


You could see the friendly Tiberius the ancestor, an ogre and Jessica.

Vanquished Creatures
  An ogre (D)
  A worker ant (D)
  An adder (D)
  2 adder skeletons (D)
  A ball python (D)
  2 giant cockroaches (D)
  A hobgoblin (D)
  2 jackals (D)
  A quokka (D)
12 creatures vanquished.

Vanquished Creatures (collateral kills)
  A jackal (D)
  2 quokkas (D)
  A ball python (D)
4 creatures vanquished.

Grand Total: 16 creatures vanquished

Notes
Turn   | Place    | Note
-------+----------+-------------------------------------------
     0 | D        | potatolord6000 the Formicid Fighter began the quest for the Orb.
     0 | D        | Reached XP level 1. HP: 18/18 MP: 1/1
    15 | D        | Reached skill level 4 in Shields
    45 | D        | Found a bloodstained altar of Trog.
    45 | D        | Found a deep blue altar of Sif Muna.
    45 | D        | Found a viscous altar of Jiyva.
    45 | D        | Found a hazy altar of Hepliaklqana.
    45 | D        | Found an opulent altar of Gozag.
    46 | D        | Found a glowing golden altar of the Shining One.
    46 | D        | Found a glowing silver altar of Zin.
    46 | D        | Found a basalt altar of Yredelemnul.
    46 | D        | Found a shimmering altar of Xom.
    46 | D        | Found an ornate altar of the Wu Jian Council.
    46 | D        | Found a sacrificial altar of Ru.
    46 | D        | Found a stormy altar of Qazlal.
    46 | D        | Found an iron altar of Okawaru.
    46 | D        | Found a sparkling altar of Nemelex Xobeh.
    46 | D        | Found a burning altar of Makhleb.
    46 | D        | Found a blossoming altar of Fedhas.
    46 | D        | Found a white marble altar of Elyvilon.
    46 | D        | Found a shadowy altar of Dithmenos.
    46 | D        | Found a snail-covered altar of Cheibriados.
    48 | D        | Found a radiant altar of Vehumet.
    48 | D        | Found a corrupted altar of Lugonu.
    48 | D        | Found a roughly hewn altar of Beogh.
    50 | D        | Found an ancient bone altar of Kikubaaqudgha.
    50 | D        | Found a hide-covered altar of Uskayaw.
    50 | D        | Found a shattered altar of Ashenzari.
    82 | D        | Became a worshipper of Hepliaklqana the Forgotten
   100 | D        | Reached XP level 2. HP: 21/22 MP: 2/2
   108 | D        | Reached XP level 3. HP: 15/27 MP: 2/4
   111 | D        | Reached skill level 5 in Shields
   414 | D        | Reached * piety under Hepliaklqana
   414 | D        | Noticed an ogre
   415 | D        | Noticed an ogre
   415 | D        | Noticed Jessica
   423 | D        | Reached XP level 4. HP: 34/34 MP: 6/6
   430 | D        | Killed an ogre
   430 | D        | Reached skill level 5 in Fighting
   430 | D        | Reached skill level 5 in Armour
   430 | D        | Reached skill level 6 in Shields
   430 | D        | Reached XP level 5. HP: 35/41 MP: 6/8
   437 | D        | Mangled by an ogre

Vault maps used:
D:        pitsprint

Skill      XL: |  1  2  3  4 |
---------------+-------------+-----
Shields        | 4 5 6 |  6.5
Fighting       | 4 5 |  5.8
Axes           | 3 4 |  4.8
Armour         | 4 5 |  5.8
Invocations    | 2 3 4 |  4.8

Action                   |  1- 3 |  4- 6 || total
-------------------------+-------+-------++-------
Melee: War axe           |    23 |    13 ||    36
  Use: Potion            |       |     1 ||     1
Armor: Scale mail        |    12 |       ||    12
       Plate armour      |     1 |     4 ||     5
Dodge: Dodged            |     8 |     2 ||    10
Block: Shield            |    19 |     5 ||    24

Table legend:
 A = Spawn XP
 B = Non-spawn XP
 C = Spawn XP percentage of total XP
 D = Spawn monster count
 E = Non-spawn monster count
 F = Spawn count percentage of total count
 G = Total turns spent on level
                    A         B        C        D         E        F      G
               +---------+---------+-------+---------+---------+-------+---------
         Total |       0 |     194 |   0.0 |       0 |      16 |   0.0 |   437
               +---------+---------+-------+---------+---------+-------+---------
             D |       0 |     194 |   0.0 |       0 |      16 |   0.0 |   437
               +---------+---------+-------+---------+---------+-------+---------
